 Dungeon Crawl Stone Soup version 0.29-a0-830-gcb1280458a (webtiles) character file.

Game seed: 7241061790343114920

3981 jlumianski the Cleaver (level 10, -6/66 HPs)
             Began as a Demonspawn Fighter on July 11, 2022.
             Was a Follower of Hepliaklqana.
             Mangled by an orc warlord
             ... wielding a +2 battleaxe
              (35 damage)
             ... in a bailey.
             The game lasted 00:36:21 (7299 turns).

jlumianski the Cleaver (Demonspawn Fighter)         Turns: 7299, Time: 00:36:22

Health: -6/66      AC: 12    Str: 21    XL:     10   Next: 2%
Magic:  14/14      EV:  9    Int:  9    God:    Hepliaklqana [*.....]
Gold:   370        SH: 13    Dex: 13    Spells: 9/9 levels left

rFire   . . .      SeeInvis +   W - +3 war axe
rCold   . . .      Faith    .   S - +0 kite shield
rNeg    . . .      Spirit   .   b - +0 scale mail
rPois   .          Reflect  .   y - +1 helmet {SInv}
rElec   .          Harm     .   v - +0 cloak
rCorr   .          Rampage  .   l - +0 pair of gloves
Will    .....                   (no boots)
Stlth   ..........              n - amulet of regeneration
HPRegen 1.01/turn               s - ring of wizardry
MPRegen 0.14/turn               (no ring)

@: invisible (expiring)
A: reduced essence, claws 2, large bone plates 1, foul stench 1, powered by
death 1
a: Renounce Religion, Recall Ancestor, Ancestor Identity


You were in a bailey.
You worshipped Hepliaklqana.
Hepliaklqana was aware of your devotion.
You visited 2 branches of the dungeon, and saw 9 of its levels.
You also visited: Bailey.

You collected 370 gold pieces.

Inventory:

Hand Weapons
 a - a +1 war axe
 u - a +2 quarterstaff of chaos
 I - a +4 trident
 K - a +0 sling
 Q - a +0 dagger of electrocution
 T - a +2 dagger of venom
 W - a +3 war axe (weapon)
Missiles
 i - 71 stones
 r - 9 curare-tipped darts
 x - 2 throwing nets
 z - 20 boomerangs
 L - 6 poisoned darts
 R - a datura-tipped dart (quivered)
Armour
 b - a +0 scale mail (worn)
 c - a +0 buckler
 l - a +0 pair of gloves (worn)
 q - a +0 helmet
 v - a +0 cloak (worn)
 y - a +1 helmet of see invisible (worn)
 B - a +1 pair of gloves of stealth
 S - a +0 kite shield (worn)
Magical Staves
 m - a staff of air
 o - a staff of conjuration
Jewellery
 n - an amulet of regeneration (around neck)
 s - a ring of wizardry (left hand)
 E - an amulet of guardian spirit
 J - an amulet of regeneration
Wands
 t - a wand of flame (38)
 F - a wand of paralysis (5)
 N - a wand of light (3)
 P - a wand of mindburst (8)
 U - a wand of roots (5)
Scrolls
 f - 2 scrolls of poison
 w - a scroll of amnesia
 A - 2 scrolls of fog
 G - 2 scrolls of immolation
 H - a scroll of fear
 M - 6 scrolls of identify
 O - a scroll of summoning
 V - a scroll of brand weapon
Potions
 d - a potion of mutation {unknown}
 e - 4 potions of curing
 g - 4 potions of heal wounds
 h - a potion of invisibility
 j - 2 potions of magic
 k - a potion of attraction
 p - a potion of haste
 C - 2 potions of resistance
 D - a potion of brilliance


   Skills:
 + Level 5.3 Fighting
 + Level 8.5 Axes
 + Level 0.1 Ranged Weapons
 + Level 0.1 Throwing
 + Level 5.8 Armour
 + Level 3.4 Dodging
 + Level 1.3 Stealth
 + Level 4.5 Shields
 * Level 5.5 Invocations
 * Level 4.1 Evocations


You had 9 spell levels left.
You didn't know any spells.
Your spell library contained the following spells:

 Spells                   Type           Power      Damage    Failure   Level
 Malign Gateway           Summ/Tloc      0%         N/A       100%        7
 Summon Horrible Things   Summ           0%         N/A       100%        8


Dungeon Overview and Level Annotations

Branches:
Dungeon (8/15)             Temple (1/1) D:4          Bailey (1/1)
   Lair: D:8-11

Altars:
Ashenzari
Cheibriados
Dithmenos
Fedhas
Gozag
Hepliaklqana
Kikubaaqudgha
Makhleb
Nemelex Xobeh
Qazlal
Ru
Sif Muna
Trog
Uskayaw
Vehumet
Yredelemnul

Shops:
D:3 :


Innate Abilities, Weirdness & Mutations

Your life essence is reduced to manifest your ancestor. (-10% HP)
You have very sharp fingernails.
You are partially covered in large bone plates. (SH +4)
You may rarely emit foul miasma when damaged in melee.
You regenerate a little health from kills.


Message History

The orc warlord barely misses you.
You barely miss the orc warlord.
The orc warlord is lightly wounded.
The orc warlord hits you with a +2 battleaxe!
You barely miss the orc warlord.
The orc warlord is lightly wounded.
You block the orc warlord's attack.
You closely miss the orc warlord.
The orc warlord is lightly wounded.
The orc warlord hits you with a +2 battleaxe!!
* * * LOW HITPOINT WARNING * * *
The orc warlord hits you with a +2 battleaxe!
* * * LOW HITPOINT WARNING * * *
You feel much better.
The orc warlord hits you with a +2 battleaxe!!
* * * LOW HITPOINT WARNING * * *
You fade into invisibility!
You block the orc warlord's attack.
There is an open translucent gate here.
You enter the shallow water.
Moving in this stuff is going to be slow. ...and don't expect to remain undetected.
You see here a fuming yellow potion.
d - a fuming yellow potion Aylmer emerges from the mists of memory!
The orc warlord hits you with a +2 battleaxe!
You see here a +1 pair of gloves of stealth.
You hit the orc warlord.
The orc warlord is lightly wounded.
The orc warlord completely misses you.
The orc warlord hits Aylmer with a +2 battleaxe!
Aylmer hits the orc warlord.
B - a +1 pair of gloves of stealth The orc warlord hits Aylmer with a +2 battleaxe!!
Aylmer is destroyed!
You block the orc warlord's attack.
You flicker for a moment.
The orc warlord hits you with a +2 battleaxe!!
Ouch! That really hurt!
You die...

♣≈≈##.....)##≈≈≈#≈≈≈####(.....#
♣...##.....#≈=.....≈#≈≈#(....##
♣....##....#≈!........≈#....##
♣♣.....#....##8.8...8.8≈##...#
♣......'.....#.........≈≈'...#
♣∩.∩...')....#....∩....≈≈'..)#
♣......'.....#.........≈≈'...#
♣♣.....#))..##8.8...8.8≈##.))#
♣....##..).#≈o@.......≈#....##
♣...##.....#≈......≈#≈≈#.....##
♣≈≈##......##≈≈≈#≈≈≈####......#
♣≈≈#........#########......8...
♣≈≈#..8..8....'.....'..........
#.........)#≈≈≈≈≈#..........
##.........#≈≈≈≈≈#...8..8..#
##...8...##≈≈≈≈≈##.......##
##.....##.......##.....##


You could see an orc warlord (unable to see you).

Vanquished Creatures
  A water moccasin (D:4)
  3 orc warriors
  An ice beast (D:7)
  A hornet zombie (D:8)
  An ogre (D:5)
  3 phantoms (D:5)
  2 gnoll sergeants
  A kobold brigand (D:6)
  3 bullfrogs
  3 wyvern zombies (D:8)
  3 scorpions
  12 wights
  6 howler monkeys
  3 centaur zombies (D:8)
  8 orc priests
  6 hounds
  5 jellies
  Crazy Yiuf (D:3)
  Natasha (thrice) (D:3)
  2 iguanas (D:5)
  5 orc wizards
  2 killer bee zombies (D:8)
  Robin (D:2)
  16 gnolls
  10 adders
  A shadow imp (D:8)
  2 worms
  2 dart slugs (D:1)
  20 orcs
  6 ball pythons
  4 endoplasms
  2 giant cockroaches
  17 goblins
  11 hobgoblins
  2 jackals (D:5)
  4 quokkas
  8 bats
  4 frilled lizards
  13 kobolds
  7 rats
  A spectral hobgoblin (D:5)
206 creatures vanquished.

Vanquished Creatures (collateral kills)
  2 orc warriors (Bailey)
  2 kobolds (Bailey)
4 creatures vanquished.

Vanquished Creatures (others)
  4 ancestors (Bailey)
  2 fungi (D:3)
6 creatures vanquished.

Grand Total: 216 creatures vanquished

Notes
Turn   | Place    | Note
-------+----------+-------------------------------------------
     0 | D:1      | jlumianski the Demonspawn Fighter began the quest for the
                  | Orb.
     0 | D:1      | Reached XP level 1. HP: 18/18 MP: 1/1
   258 | D:1      | Gained mutation: You have sharp fingernails. [demonic
                  | ancestry]
   258 | D:1      | Reached XP level 2. HP: 24/24 MP: 2/2
   562 | D:1      | Reached skill level 2 in Axes
   898 | D:1      | Found a faded altar of an unknown god.
  1164 | D:2      | Reached XP level 3. HP: 26/29 MP: 3/3
  1258 | D:2      | Found a sacrificial altar of Ru.
  1962 | D:2      | Noticed Robin
  2046 | D:2      | Killed Robin
  2047 | D:2      | Reached XP level 4. HP: 31/35 MP: 4/4
  2216 | D:3      | Noticed Natasha
  2223 | D:3      | Killed Natasha
  2224 | D:3      | Reached skill level 3 in Axes
  2317 | D:3      | Noticed Natasha
  2324 | D:3      | Killed Natasha
  2325 | D:3      | Reached skill level 1 in Dodging
  2365 | D:3      | Found a bloodstained altar of Trog.
  2367 | D:3      | Found Ibbeimic's Book Boutique.
  2374 | D:3      | Gained mutation: You may rarely emit foul miasma when
                  | damaged in melee. [demonic ancestry]
  2374 | D:3      | Reached XP level 5. HP: 41/41 MP: 5/5
  2569 | D:3      | Found a sparkling altar of Nemelex Xobeh.
  2638 | D:3      | Noticed Natasha
  2648 | D:3      | Killed Natasha
  2765 | D:3      | Found a runed translucent door.
  2766 | D:3      | Noticed Crazy Yiuf
  2777 | D:3      | Killed Crazy Yiuf
  3222 | D:4      | Found a staircase to the Ecumenical Temple.
  3234 | Temple   | Entered the Ecumenical Temple
  3696 | D:5      | Entered Level 5 of the Dungeon
  3721 | D:5      | Reached skill level 4 in Axes
  3721 | D:5      | Gained mutation: You regenerate a little health from kills.
                  | [demonic ancestry]
  3721 | D:5      | Reached XP level 6. HP: 32/48 MP: 6/6
  3730 | D:5      | Noticed a water moccasin
  3760 | D:4      | Killed a water moccasin
  3926 | D:5      | Reached XP level 7. HP: 53/53 MP: 7/7
  3988 | D:5      | Reached skill level 5 in Axes
  4054 | D:5      | Found a broken altar of Ashenzari.
  4214 | D:5      | Found a snail-covered altar of Cheibriados.
  4228 | D:5      | Reached XP level 8. HP: 60/60 MP: 8/8
  4315 | D:5      | Reached skill level 6 in Axes
  4651 | D:5      | Found a radiant altar of Vehumet.
  4660 | D:5      | Reached skill level 5 in Armour
  4837 | D:5      | Found a hazy altar of Hepliaklqana.
  4851 | D:5      | Became a worshipper of Hepliaklqana the Forgotten
  5035 | D:6      | Reached skill level 1 in Invocations
  5051 | D:6      | Reached skill level 1 in Evocations
  5305 | D:6      | Reached skill level 7 in Axes
  5587 | D:6      | Gained mutation: You have very sharp fingernails. [demonic
                  | ancestry]
  5587 | D:6      | Reached XP level 9. HP: 66/66 MP: 11/11
  5607 | D:6      | Found a shimmering blue altar of Sif Muna.
  6205 | D:7      | Reached skill level 8 in Axes
  6681 | D:7      | Reached skill level 5 in Fighting
  6681 | D:7      | Reached skill level 5 in Invocations
  6733 | D:8      | Found a stormy altar of Qazlal.
  6842 | D:8      | Found a basalt altar of Yredelemnul.
  6923 | D:8      | Reached * piety under Hepliaklqana
  6973 | D:8      | Found a flagged portal.
  6991 | Bailey   | Entered a bailey
  6996 | Bailey   | Noticed an orc warlord
  7137 | Bailey   | Found a runed translucent gate.
  7138 | Bailey   | Found a runed translucent gate.
  7140 | Bailey   | Found a runed translucent gate.
  7158 | Bailey   | Reached skill level 1 in Stealth
  7158 | Bailey   | Gained mutation: You are partially covered in large bone
                  | plates. (SH +4) [demonic ancestry]
  7158 | Bailey   | Reached XP level 10. HP: 38/66 MP: 14/14
  7299 | Bailey   | Mangled by an orc warlord

Illustrated notes

Levels and vault maps discovered:
D:1:      scummos_arrival_star, layout_loops_corners, basic_ecumenical_altar
D:2:      layout_basic, basic_altar, minmay_statues_item, uniq_robin
D:3:      layout_basic, nemelex_diamond_rough_becter, bloody_trog, serial_shops,
          nicolae_diamond_shop, minmay_strange_pillars, uniq_crazy_yiuf_cottage,
          uniq_natasha
D:4:      layout_loops_cross, minmay_temple_entry_mist
D:5:      layout_loops_ring, nicolae_hepliaklqana_monster_ancestors,
          mainiacjoe_overflow_cross_hatched,
          mainiacjoe_overflow_six_doors_small, minmay_ruined_shrine
D:6:      minmay_angry_zag, layout_rooms, lemuel_coloured_pillars_altar
D:7:      layout_loops_ring
D:8:      layout_loops_ring, nicolae_yredelemnul_corpse_copse,
          mainiacjoe_overflow_alcove_1, mainiacjoe_overflow_small_starburst,
          overflow_temple_1_default, mainiacjoe_overflow_alcove_4,
          enter_bailey_6, st_stairs_8
Temple:   chequers_temple_sunken
Bailey:   bailey_axe_bossmonster_kennysheep, bailey

Skill      XL: |  1  2  3  4  5  6  7  8  9 |
---------------+----------------------------+-----
Shields        | 3 4 |  4.5
Axes           | 2 3 4 5 7 8 |  8.5
Armour         | 3 4 5 |  5.8
Dodging        | 1 2 3 |  3.4
Fighting       | 4 5 |  5.3
Invocations    | 3 5 |  5.5
Evocations     | 1 4 |  4.1
Stealth        | 1 |  1.3
Ranged Weapons | |  0.1
Throwing       | |  0.1

Action                   |  1- 3 |  4- 6 |  7- 9 | 10-12 || total
-------------------------+-------+-------+-------+-------++-------
Melee: War axe           |   121 |   145 |   479 |    28 ||   773
 Fire: Sling             |       |       |     6 |       ||     6
Throw: Stone             |     3 |       |     5 |       ||     8
       Dart              |       |       |       |     4 ||     4
Evoke: Wand              |       |       |     3 |     2 ||     5
  Use: Potion            |     1 |     5 |       |     3 ||     9
       Scroll            |       |    12 |     4 |     2 ||    18
 Stab: Distracted        |       |       |     1 |       ||     1
Armor: Scale mail        |    58 |    97 |   236 |     2 ||   393
Dodge: Dodged            |    65 |    77 |   219 |     5 ||   366
Block: Buckler           |    36 |    37 |    79 |       ||   152
       Kite shield       |       |       |   104 |    16 ||   120

Table legend: (Time is in decaauts)
 A = Elapsed time spent in this place.
 B = Non-inter-level travel time spent in this place.
 C = Inter-level travel time spent in this place.
 D = Time resting spent in this place.
 E = Time spent auto-exploring this place.
 F = Levels seen in this place.
 G = Mean time per level.
                   A        B        C        D        E       F      G
               +--------+--------+--------+--------+--------+-----+--------+
         Total |   7596 |   7430 |    166 |    350 |   3630 |  10 |  759.6 |
       Dungeon |   6977 |   6811 |    166 |    350 |   3473 |   8 |  872.1 |
        Temple |    291 |    291 |      0 |      0 |    157 |   1 |  291.0 |
        Bailey |    326 |    326 |      0 |      0 |      0 |   1 |  326.0 |
               +--------+--------+--------+--------+--------+-----+--------+

Top non-repeatable levels by time:
     D:5: 1291 daAuts
     D:1: 1152 daAuts
     D:2: 1042 daAuts
     D:7: 914 daAuts
     D:4: 858 daAuts
     D:6: 742 daAuts
     D:3: 672 daAuts
  Bailey: 326 daAuts
     D:8: 304 daAuts
  Temple: 291 daAuts
